 Dungeon Crawl Stone Soup version 0.16-a0-4133-g472b14a (webtiles) character file.

182 Chiseanne the Skirmisher (level 5, 0/48 HPs)
             Began as a Mummy Wanderer on Mar 2, 2015.
             Killed from afar by a goblin (23 damage)
             ... with a wand of lightning
             ... on level 3 of the Dungeon.
             The game lasted 00:07:05 (2958 turns).

Chiseanne the Skirmisher (Mummy Wanderer)           Turns: 2958, Time: 00:07:06

Health: 0/48       AC:  6    Str: 15    XL:     5   Next: 34%
Magic:  5/5        EV: 12    Int:  9    God:
Gold:   45         SH:  0    Dex: 14    Spells: 0 memorised, 4 levels left

rFire  x . .     SeeInvis .     a - +1 spear
rCold  + . .     Clarity  .     i - +0 ring mail
rNeg   + + +     SustAb   .     (no shield)
rPois  ∞         Gourm    .     (no helmet)
rElec  .         Spirit   .     (no cloak)
rCorr  .         Warding  .     h - +0 pair of gloves
rMut   .         Stasis   .     (no boots)
MR     .....                    (no amulet)
Stlth  +.........               (no ring)
                                e - ring of flight

@: not resistant to hostile enchantments, very unstealthy
A: no food or potions, fire vulnerability, restore body, cold resistance 1,
negative energy resistance 3, poison resistance, torment resistance, unbreathing
a: Evoke Flight


You were on level 3 of the Dungeon.
You were not hungry.

You visited 1 branch of the dungeon, and saw 3 of its levels.

You collected 45 gold pieces.

Inventory:

Hand weapons
 a - a +1 spear (weapon)
Missiles
 b - 2 throwing nets (quivered)
Armour
 h - a +0 pair of gloves (worn)
 i - a +0 ring mail (worn)
Jewellery
 e - a ring of flight (left hand)
 g - an uncursed ring of ice
Scrolls
 d - a scroll of remove curse
 f - 3 scrolls of identify


   Skills:
 * Level 7.2 Fighting
 - Level 1.0 Throwing
 * Level 1.1 Armour
 * Level 2.9 Dodging
 - Level 1.0 Stealth


You had 4 spell levels left.
You didn't know any spells.

Dungeon Overview and Level Annotations

Branches:
Dungeon (3/15)

Altars:


Innate Abilities, Weirdness & Mutations

You do not eat or drink.
Your flesh is vulnerable to fire.
Your flesh is cold resistant.
You are immune to negative energy.
Your system is resistant to poisons.
You are immune to unholy pain and torment.
You can survive without breathing.


Message History

The hobgoblin hits you but does no damage.
You hit the hobgoblin.
The hobgoblin is severely wounded.
The hobgoblin hits you with a club.
You hit the hobgoblin.
You kill the hobgoblin!
Things that are here:
a club; a hobgoblin corpse A goblin comes into view.
A goblin is nearby!
A goblin is nearby!
A goblin is nearby!
The goblin shouts!
The goblin zaps a wand.
The bolt of lightning hits you!
It is a wand of lightning.
The goblin zaps a wand.
The bolt of lightning hits you!
A hobgoblin comes into view.
The hobgoblin shouts!
The goblin zaps a wand.
The bolt of lightning hits you!
You die...

...#...... . ....#.......
.... ....#.......# .....
............# ......
............# .g.....
............# ....g..
............# ..%....
............#.###........
....<.#####.#...@#
##.########.####.#
#.)..)...#...##.#
#.######.###.##.###
#.######.....##...#
#.#.....#########)#
#...............#.#
####.....####....#.#
.........####....#.#


You could see a hobgoblin and a goblin.

Vanquished Creatures
  2 orc wizards (D:3)
  Jessica (D:2)
  3 adders (D:2)
  A giant mite (D:1)
  A worm (D:2)
  3 giant geckos
  An ooze (D:1)
  An orc (D:3)
  2 ball pythons
  13 bats
  5 hobgoblins
  2 jackals (D:1)
  2 quokkas (D:2)
  3 giant cockroaches (D:2)
  2 giant newts (D:2)
  9 goblins
  9 kobolds
  5 rats
65 creatures vanquished.

Notes
Turn   | Place    | Note
--------------------------------------------------------------
     0 | D:1      | Chiseanne, the Mummy Wanderer, began the quest for the Orb.
     0 | D:1      | Chiseanne set off with: a +0 leather armour, 2 throwing nets, a +0 spear, a scroll of teleportation
     0 | D:1      | Reached XP level 1. HP: 22/22 MP: 1/1
   139 | D:1      | Reached XP level 2. HP: 26/28 MP: 2/2
   693 | D:1      | Reached XP level 3. HP: 24/35 MP: 3/3
  1385 | D:2      | Noticed Jessica
  1429 | D:2      | Killed Jessica
  1792 | D:2      | Reached XP level 4. HP: 41/41 MP: 4/4
  2038 | D:2      | Reached skill level 7 in Fighting
  2561 | D:3      | HP: 1/43 [orc wizard/dagger of holy wrath (2)]
  2562 | D:3      | Reached XP level 5. HP: 1/48 MP: 5/5
  2958 | D:3      | Killed from afar by a goblin

Action                   |  1- 3 |  4- 6 || total
-------------------------+-------+-------++-------
Melee: Spear             |   141 |   118 ||   259
  Use: Scroll            |     6 |     1 ||     7
 Stab: Sleeping          |     2 |     1 ||     3
